 Dungeon Crawl Stone Soup version 0.16.0-17-g811c1d7 (webtiles) character file.

81 wojtek the Cutter (level 4, -3/26 HPs)
             Began as a Kobold Assassin on Mar 22, 2015.
             Was an Initiate of Makhleb.
             Slain by an orc
             ... wielding a +0 trident
              (4 damage)
             ... on level 3 of the Dungeon.
             The game lasted 00:03:47 (2576 turns).

wojtek the Cutter (Kobold Assassin)                 Turns: 2576, Time: 00:03:47

Health: -3/26      AC:  3    Str:  9    XL:     4   Next: 67%
Magic:  4/4        EV: 14    Int: 10    God:    Makhleb [......]
Gold:   94         SH:  0    Dex: 17    Spells: 0 memorised, 3 levels left

rFire  . . .     SeeInvis .     a - +2 dagger
rCold  . . .     Clarity  .     c - +0 robe
rNeg   . . .     SustAb   .     (no shield)
rPois  .         Gourm    .     (no helmet)
rElec  .         Spirit   .     d - +0 cloak
rCorr  .         Warding  .     (no gloves)
rMut   .         Stasis   .     (no boots)
MR     .....                    (no amulet)
Stlth  ++++......               (no ring)
                                r - ring of stealth

@: not resistant to hostile enchantments, stealthy
A: carnivore 3
a: Renounce Religion


You were on level 3 of the Dungeon.
You worshipped Makhleb.
Makhleb was noncommittal.
You were very full.

You visited 1 branch of the dungeon, and saw 3 of its levels.

You collected 94 gold pieces.

Inventory:

Hand weapons
 a - a +2 dagger (weapon)
 b - a +0 blowgun
Missiles
 e - 23 poisoned needles
 f - 2 curare-tipped needles
Armour
 c - a +0 robe (worn)
 d - a +0 cloak (worn)
Jewellery
 r - a ring of stealth (left hand)
Scrolls
 h - 2 scrolls of identify {unknown}
 j - a scroll of remove curse {unknown}
 k - 2 scrolls of amnesia {unknown}
 l - a scroll of magic mapping {unknown}
 m - a scroll of random uselessness {unknown}
 n - a scroll of immolation {unknown}
 o - a scroll of teleportation {unknown}
 s - a scroll of recharging {unknown}
Potions
 i - 3 potions of curing {unknown}
 p - a potion of flight {unknown}
 q - a potion of brilliance {unknown}
 t - 2 potions of cancellation {unknown}
 u - a potion of restore abilities {unknown}
 v - a potion of heal wounds {unknown}
 w - a potion of poison {unknown}
Comestibles
 g - 2 meat rations
 x - a beef jerky


   Skills:
 - Level 2.1 Fighting
 + Level 6.0 Short Blades
 - Level 2.6 Throwing
 - Level 1.2 Dodging
 - Level 5.3 Stealth


You had 3 spell levels left.
You didn't know any spells.

Dungeon Overview and Level Annotations

Branches:
Dungeon (3/15)

Altars:
Makhleb
Yredelemnul

Annotations:
D:2 Jessica


Innate Abilities, Weirdness & Mutations

You are small and have problems with some larger weapons.
You are carnivorous and can eat meat at any time.


Message History

You barely miss the orc.
The orc shouts!
You hit the orc!
You kill the orc!
Makhleb accepts your kill.
Your Short Blades skill increases to level 6!
The orc hits you from afar with a trident.
* * * LOW HITPOINT WARNING * * *
You are too injured to fight recklessly!
You are too injured to fight recklessly!
You hit the orc.
The orc is moderately wounded.
The orc hits you but does no damage. The orc hits you with a mace.
* * * LOW HITPOINT WARNING * * *
You closely miss the orc.
The orc is moderately wounded.
You completely miss the orc.
The orc is moderately wounded.
The orc hits you from afar with a trident.
You die...

#.# #.# # ..#...#.##.###
#.# #.. #.#.#.#.##.#..
#.# ### ####
#.#.#.#.##.#.# #.# ...
#.#.#<#....#.# #.#
...#.#.########.# #.#
##########.#.#.#......#.#
#.#
#........#.....#.###<....
#.#
#.######.###.###.####.#..
#.# #.#
#@#............... #.#
#.# #o#######...#.###.
#.# #.#


oo# #.....#. . #.# #.# .### ######## # #.###.# #% #.....# # ####### You could
see 3 orcs.

Vanquished Creatures
  Terence (D:2)
  A worm (D:2)
  An ooze (D:3)
  2 orcs
  A ball python (D:2)
  8 bats
  2 giant cockroaches (D:1)
  11 goblins
  7 hobgoblins
  3 jackals (D:2)
  A quokka (D:2)
  3 giant newts (D:1)
  8 kobolds
  7 rats
  2 plants (D:1)
58 creatures vanquished.

Notes
Turn   | Place    | Note
--------------------------------------------------------------
     0 | D:1      | wojtek, the Kobold Assassin, began the quest for the Orb.
     0 | D:1      | Reached XP level 1. HP: 12/12 MP: 1/1
   198 | D:1      | Reached XP level 2. HP: 11/17 MP: 2/2
   660 | D:1      | Reached XP level 3. HP: 19/21 MP: 3/3
  1604 | D:2      | Reached skill level 5 in Short Blades
  1857 | D:2      | Reached XP level 4. HP: 26/26 MP: 4/4
  1994 | D:2      | Noticed Jessica
  1995 | D:2      | Noticed Terence
  2063 | D:2      | Killed Terence
  2307 | D:2      | Found a basalt altar of Yredelemnul.
  2307 | D:2      | Found a burning altar of Makhleb.
  2324 | D:2      | Became a worshipper of Makhleb the Destroyer
  2573 | D:3      | Reached skill level 6 in Short Blades
  2574 | D:3      | HP: 1/26 [orc/mace (6)]
  2576 | D:3      | Slain by an orc

Action                   |  1- 3 |  4- 6 || total
-------------------------+-------+-------++-------
Melee: Dagger            |   174 |    44 ||   218
 Fire: Blowgun           |       |    17 ||    17
 Stab: Sleeping          |    10 |     2 ||    12
  Eat: Chunk             |    11 |     1 ||    12
